AoeStats
← mneubourg

Arabia

509428196Analyzed
1v1 RM · 6d ago on Sep 26, 2026· 72m 50s· 2 players
Game mode
Random Map
Map size
Tiny (2 player)
Population
200
Speed
Normal
Resources
Standard
Victory
Conquest
Starting age
Dark Age
Ending age
Imperial Age
RankedLock teamsTeams togetherTeam positionsShared explorationLock speedFull tech treeHidden civsTurbo modeCheats
Victory
Defeat
🇫🇷 Teutons · France
813
+16
🇧🇪 Wu · Belgium
820
-16
ZeRoXTOULOUSE
7:43 Loom
11:20 Feudal Age
13:09 Double-Bit Axe
21:08 Castle Age
19:53 Horse Collar
23:38 Bow Saw
23:29 Heavy Plow
26:30 Scale Mail Armor
26:49 Town Watch
27:43 Forging
28:48 Town Patrol
30:29 Man-at-Arms
30:54 Gambesons
31:10 Squires
30:55 Arson
32:57 Elite Skirmisher
39:37 Wheelbarrow
42:48 Imperial Age
41:17 Ironclad
42:10 Iron Casting
43:09 Fletching
43:20 Padded Archer Armor
48:55 Blast Furnace
51:12 Crop Rotation
51:09 Elite Teutonic Knight
52:17 Chain Mail Armor
52:49 Gold Mining
52:39 Cavalier
57:47 Hand Cart
58:22 Scale Barding Armor
64:22 Plate Mail Armor
64:13 Chain Barding Armor
mneubourg
7:24 Loom
12:23 Feudal Age
18:08 Castle Age
17:00 Stone Mining
21:52 Pikeman
29:28 Horse Collar
31:00 Gold Mining
31:22 Fletching
33:53 Gold Shaft Mining
38:32 Bodkin Arrow
40:32 Double-Bit Axe
40:47 Arson
41:58 Bow Saw
45:28 Imperial Age
43:30 Scale Mail Armor
44:31 Man-at-Arms
45:55 Heavy Plow
47:04 Conscription
53:55 Bracer
56:18 Elite Fire Archer
64:45 Halberdier
66:22 Padded Archer Armor
67:13 Wheelbarrow
67:56 Leather Archer Armor
Connection lost

Rejoining the realm…

Still unreachable

The connection could not be restored.

Session expired

The server has moved on; the page needs a fresh start.